 Dungeon Crawl Stone Soup version 0.30-a0-458-g86641cc (webtiles) character file.

Game seed: 17934458989692576778

104097 PublicAnimeNo1 the Slicer (level 15, -8/120 HPs)
             Began as a Demonspawn Reaver on Dec 8, 2022.
             Was the Champion of Wu Jian.
             Splashed by a goliath frog's acid (9 damage)
             ... on level 3 of the Swamp on Dec 14, 2022.
             The game lasted 01:38:13 (29524 turns).

PublicAnimeNo1 the Slicer (Demonspawn Reaver)      Turns: 29524, Time: 01:38:14

Health: -8/120     AC: 11    Str: 15    XL:     15   Next: 90%
Magic:  21/21      EV: 20    Int: 17    God:    Wu Jian [******]
Gold:   2064       SH:  6    Dex: 22    Spells: 1/22 levels left

rFire   + . .      SeeInvis .    H - +7 rapier (drain)
rCold   + . .      Faith    .    (no shield)
rNeg    . . .      Spirit   .    D - +4 swamp dragon scales
rPois   +          Reflect  .    (helmet restricted)
rElec   +          Harm     .    G - scarf {rC+ rF+}
rCorr   .          Rampage  .    (gloves unavailable)
Will    +....                    Q - +2 pair of boots {Stlth+}
Stlth   ++++++....               Y - amulet of regeneration
HPRegen 1.20/turn                t - +6 ring of dexterity
MPRegen 0.17/turn                I - ring of wizardry

@: agile, corroded, flying
A: large bone plates 2, ignite blood 2, powered by pain 2, demonic touch 3,
fangs 1, horns 1, agile 1, electricity resistance
a: Renounce Religion, Wall Jump, Serpent's Lash, Heavenly Storm


You were on level 3 of the Swamp.
You worshipped Wu Jian.
Wu Jian was exalted by your worship.
You visited 6 branches of the dungeon, and saw 27 of its levels.
You also visited: Gauntlet, Ice Cave and Volcano.

You collected 3679 gold pieces.
You spent 1615 gold pieces at shops.

Inventory:

Hand Weapons
 H - a +7 rapier of draining (weapon)
Missiles
 r - a throwing net
Armour
 C - a +0 buckler of cold resistance
 D - +4 swamp dragon scales (worn)
 E - +1 fire dragon scales
 G - a scarf of resistance (worn)
 N - a +0 helmet
 Q - a +2 pair of boots of stealth (worn)
 W - a +2 leather armour of resistance
Jewellery
 g - a ring of positive energy
 m - a ring of ice
 s - a ring of willpower
 t - a +6 ring of dexterity (left hand)
 F - a ring of poison resistance
 I - a ring of wizardry (right hand)
 X - a ring of protection from cold
 Y - an amulet of regeneration (around neck)
Wands
 a - a wand of flame (13)
 l - a wand of mindburst (18)
 p - a wand of quicksilver (5)
 v - a wand of digging (16)
 w - a wand of paralysis (9)
 T - a wand of iceblast (4)
 Z - a wand of polymorph (5)
Scrolls
 c - 27 scrolls of identify
 d - 5 scrolls of fog
 f - 2 scrolls of teleportation
 i - a scroll of vulnerability
 o - a scroll of blinking
 x - 2 scrolls of brand weapon
 y - a scroll of magic mapping
 J - 2 scrolls of fear
Potions
 e - 4 potions of haste
 h - 4 potions of attraction
 j - 5 potions of curing
 k - 5 potions of mutation
 q - 2 potions of invisibility
 u - 3 potions of might
 z - 3 potions of brilliance
 A - 2 potions of magic
 B - a potion of resistance
 K - a potion of flight
 M - 3 potions of berserk rage
 O - 2 potions of ambrosia
Miscellaneous
 n - a condenser vane
 R - a piece from Xom's chessboard (15/15)


   Skills:
 - Level 12.0 Fighting
 + Level 13.7 Short Blades
 - Level 5.2 Armour
 + Level 7.0 Dodging
 + Level 12.4 Stealth
 - Level 4.0 Spellcasting
 - Level 5.7 Conjurations
 + Level 4.5 Summonings
 - Level 9.0 Translocations
 * Level 9.2 Air Magic
 + Level 4.8 Evocations


You had one spell level left.
You knew the following spells:

 Your Spells              Type           Power      Damage    Failure   Level
a - Kiss of Death         Conj/Necr      52%        2d9       3%          1
b - Momentum Strike       Conj/Tloc      56%        3d9       1%          2
c - Blink                 Tloc           68%        N/A       1%          2
d - Manifold Assault      Tloc           34%        N/A       2%          4
e - Vhi's Electric Charg  Tloc/Air       68%        N/A       1%          3
f - Arcjolt               Conj/Air       14%        1d24      16%         5
g - Summon Lightning Spi  Summ/Air       26%        N/A       7%          4

Your spell library contained the following spells:

 Spells                   Type           Power      Damage    Failure   Level
 Magic Dart               Conj           92%        1d7       1%          1
 Summon Small Mammal      Summ           72%        N/A       1%          1
 Foxfire                  Conj/Fire      52%        2x1d6     3%          1
 Sandblast                Erth           6%         2d5       12%         1
 Slow                     Hex            12%        N/A       12%         1
 Lesser Beckoning         Tloc           68%        N/A       1%          3
 Call Canine Familiar     Summ           18%        N/A       6%          3
 Portal Projectile        Hex/Tloc       36%        N/A       6%          3
 Hailstorm                Conj/Ice       13%        3d5       11%         3
 Stone Arrow              Conj/Erth      26%        3d8       11%         3
 Summon Guardian Golem    Hex/Summ       11%        N/A       14%         3
 Passwall                 Tmut/Erth      2%         N/A       17%         2
 Iskenderun's Battlesphe  Conj           23%        2d8       28%         5
 Confusing Touch          Hex            3%         N/A       32%         3
 Tukima's Dance           Hex            3%         N/A       32%         3
 Vampiric Draining        Necr           3%         2d6       32%         3
 Animate Armour           Summ/Erth      22%        N/A       41%         4
 Petrify                  Tmut/Erth      3%         N/A       71%         4
 Summon Cactus Giant      Summ           9%         N/A       93%         6
 Alistair's Intoxication  Tmut/Pois      2%         N/A       95%         5
 Blade Hands              Tmut           1%         N/A       95%         5
 Borgnjor's Vile Clutch   Necr/Erth      1%         N/A       95%         5
 Iron Shot                Conj/Erth      6%         9d2       99%         6
 Eringya's Noxious Bog    Tmut/Pois      1%         N/A       100%        6
 Statue Form              Tmut/Erth      2%         N/A       100%        6
 Spellforged Servitor     Conj/Summ      10%        N/A       100%        7
 Storm Form               Tmut/Air       9%         N/A       100%        7
 Maxwell's Capacitive Co  Air            17%        ∞         100%        8
 Summon Horrible Things   Summ           9%         N/A       100%        8


Dungeon Overview and Level Annotations

Branches:
Dungeon (15/15)            Temple (0/1) D:7            Lair (5/5) D:11
  Swamp (3/4) Lair:3        Snake (1/4) Lair:3        Slime (0/5) Lair:5
    Orc (2/2) D:11            Elf (1/3) Orc:2        Depths (0/4) D:15
  IceCv (visited)         Volcano (visited)         Gauntlet (visited)
 Vaults: D:13-14

Altars:
Gozag
Hepliaklqana
Kikubaaqudgha
Nemelex Xobeh
Sif Muna
Trog
Uskayaw
Vehumet
Wu Jian
Xom
Jiyva

Shops:
D:4 *   D:7 *   D:15 (   Orc:1 :   Orc:2 :?![

Annotations:
D:1 2 transporters
D:10 exclusion: statue
D:11 3 runed translucent doors, cowcow's ghost, novice FeFi
D:12 3 runed translucent doors
D:13 2 transporters
D:14 Rupert
Lair:4 1 runed translucent door, Qilin's ghost, journeyman MiFi
Swamp:1 3 runed translucent doors, Bebom's ghost, adept KoBe; Qighoun's ghost, journeyman AtFi; blackthorn's ghost, journeyman HOEE
Snake:1 Aizul


Innate Abilities, Weirdness & Mutations

You are mostly covered in large bone plates. (SH +6)
Your demonic aura often causes spilled blood to erupt in flames.
You sometimes gain power by taking damage.
Your touch may irresistibly damage your foes and sap their willpower.
You have very sharp teeth.
You have a pair of small horns on your head.
You are agile. (Dex +4, Str/Int -1)
You are resistant to electric shocks. (rElec)


Message History

You feel your power returning. The acid corrodes you!
You are splashed with acid!
* * * LOW HITPOINT WARNING * * *
You block the shambling mangrove's attack.
The grasping roots constrict you!
* * * LOW HITPOINT WARNING * * *
You hit the shambling mangrove but do no damage.
The shambling mangrove is heavily damaged.
You hit the shambling mangrove.
You headbutt the shambling mangrove, but do no damage.
You touch the shambling mangrove!
You sap its willpower!
The shambling mangrove is heavily damaged.
You block the goliath frog's attack.
Your lightning spire shoots out a bolt of lightning at the goliath frog!
The bolt of electricity misses the goliath frog.
Blink to where?
Press: ? - help, Dir - move target You escape the roots grasp.
As you read the scroll of blinking, it crumbles to dust.
Okay, then.
You feel very buoyant.
You fly up into the air.
Angry insects surge out from beneath the shambling mangrove's foliage!
Roots burst forth from the earth!
The grasping roots grab you! The grasping roots constrict you!
* * * LOW HITPOINT WARNING * * *
You focus on the pain.
You feel more agile all of a sudden.
You escape the roots grasp.
Press: ? - help, v - describe, . - travel Some shallow water.
As you read the scroll of fear, it crumbles to dust.
You assume a fearsome visage.
The shambling mangrove is unaffected.
The hornet looks frightened!
The bunyip looks frightened!
The goliath frog resists with almost no effort.
The goliath frog hits you from afar!
* * * LOW HITPOINT WARNING * * *
You are splashed with acid!
You die...

~.♣~~~.~~~.. ♣.~~~~~~.....
..~.~§.~..♣♣ ♣♣♣♣.x.~...x....
..[<~~~§~~.♣♣ ♣.~.♣.f♣♣.......
~†§.~†.~~~~.♣♣♣.~~.§♣♣.~..♣♣~.
.......~~~..~♣♣♣~~..~♣~..~♣
♣♣.~§.†.†♣...♣ ♣.~~~..♣♣♣♣♣
♣♣.~~~~~§..~~♣♣♣♣F.....♣♣
~♣♣~.~~~~..~~.♣♣♣.~♣...~♣♣♣
~♣♣♣.~~~...~....@..♣.....~♣♣♣
~~♣♣.~~~~..~~............~††♣
~~♣~~~..~..<............♣~.F....
...~...♣t....##.#######...§.~.~.
~~~♣♣♣♣♣.♣..#...# #..~~~..~. §~
♣.....#..÷# ...~~§$..♣
.~~~~~..#...# #..~~~.~..
.§~§~~..#.... #..~~~~~♣♣
§.~~~~~..+...#. .~~~~.♣


You could see a shambling mangrove (weak-willed), a bunyip (fleeing) and a
goliath frog.

Vanquished Creatures
  2 ghouls (Swamp:2)
  A reaper (IceCv)
  4 eleionomae
  A minotaur (Gauntlet)
  2 bunyips
  A shambling mangrove (Swamp:3)
  A rakshasa (D:15)
  A great orb of eyes (D:15)
  Fannar (Lair:3)
  2 centaur warriors (D:15)
  A ghost crab (Swamp:2)
  6 hydras
  Erica (D:10)
  3 ogre magi
  3 boulder beetles
  15 two-headed ogres
  5 alligators
  An anaconda (Snake:1)
  2 dancing weapons (Elf:1)
  3 tengu warriors
  A boulder beetle (shapeshifter) (D:15)
  An orc high priest (Orc:2)
  Sonja (Lair:5)
  2 goliath frogs (Swamp:1)
  2 swamp dragons
  4 bog bodies
  2 deep trolls
  A wizard (D:14)
  A spriggan druid (Swamp:1)
  4 deep elf pyromancers
  20 ugly things
  5 cyclopes
  A necromancer (D:14)
  A wolf spider (Lair:5)
  3 will-o-the-wisps
  2 elephants (Lair:5)
  A manticore (D:13)
  14 black mambas
  3 orc sorcerers
  A guardian serpent (Lair:5)
  A smoke demon (Volcano)
  2 molten gargoyles (Volcano)
  A gargoyle (D:13)
  2 ice statues (IceCv)
  12 cane toads
  3 rime drakes
  An efreet (D:14)
  An anaconda simulacrum (IceCv)
  7 ice devils (IceCv)
  2 kobold demonologists (D:11)
  5 komodo dragons
  A freezing wraith (D:14)
  2 tengu conjurers
  A red devil (Volcano)
  15 trolls
  2 polar bears (Lair:5)
  4 tyrant leeches
  A troll (shapeshifter) (D:15)
  4 hornets
  8 slime creatures
  18 blink frogs
  3 wraiths
  2 dire elephant simulacra (IceCv)
  16 wyverns
  2 shadows
  5 fire bats (Volcano)
  12 yaks
  3 vampires
  5 basilisks
  A neqoxec (Gauntlet)
  2 steam dragons
  4 redbacks (Lair:5)
  12 vampire mosquitoes
  A death yak simulacrum (IceCv)
  3 acid dragons
  2 wargs (Orc:2)
  21 water moccasins
  13 swamp worms
  A hell hound (Volcano)
  Duvessa (D:7)
  12 orc warriors
  A swamp drake (Swamp:1)
  2 ice beasts
  A sky beast (D:7)
  3 black bears
  6 wolves (Lair:4)
  22 ogres
  8 centaurs
  A phantom (D:6)
  4 kobold brigands
  7 bullfrogs
  5 scorpions
  A cane toad simulacrum (IceCv)
  A gnoll sergeant (D:12)
  2 necrophages (Swamp:2)
  3 two-headed ogre simulacra (IceCv)
  9 wights
  5 killer bees
  3 elephant simulacra (IceCv)
  10 howler monkeys
  7 lava snakes (Volcano)
  7 crimson imps (D:10)
  3 hounds
  12 orc priests
  A gnoll bouda (D:5)
  Jessica (D:2)
  An iguana (D:5)
  Natasha (D:2)
  13 orc wizards
  2 small abominations (Gauntlet)
  Terence (D:3)
  A spriggan simulacrum (IceCv)
  10 gnolls
  4 naga simulacra (IceCv)
  12 adders
  2 shadow imps
  6 white imps
  4 ufetubi
  A worm (D:3)
  5 dart slugs
  55 orcs
  7 bats
  5 endoplasms
  3 giant cockroaches
  4 hobgoblins
  6 jackals (D:1)
  3 quokkas
  10 ball pythons
  3 frilled lizards
  4 goblins
  23 kobolds
  9 rats
  2 butterflies (Lair:1)
662 creatures vanquished.

Vanquished Creatures (collateral kills)
  An alligator (Swamp:3)
1 creature vanquished.

Vanquished Creatures (others)
  A cyclops (D:11)
  3 bloated husks
  2 hornets (Swamp:3)
  Sigmund (D:2)
  A water moccasin (D:5)
  2 orc warriors (D:9)
  A sky beast (D:6)
  An ice beast (D:8)
  A centaur (D:8)
  A scorpion (D:5)
  A necrophage (D:5)
  3 wights
  Dowan (D:7)
  3 orc priests
  Natasha (twice) (D:2)
  2 gnolls (D:5)
  An adder (D:3)
  An ufetubus (D:4)
  A worm (D:3)
  3 orcs
  A ball python (D:3)
  2 goblins (D:3)
  A hobgoblin (D:3)
  3 kobolds
  2 bats
  14 foxfires (Swamp:2)
  23 fungi
  74 plants
  5 withered plants
157 creatures vanquished.

Grand Total: 820 creatures vanquished

Notes
Turn   | Place    | Note
-------+----------+-------------------------------------------
     0 | D:1      | PublicAnimeNo1 the Demonspawn Reaver began the quest for
                  | the Orb.
     0 | D:1      | Reached XP level 1. HP: 16/16 MP: 3/3
   182 | D:1      | Reached skill level 3 in Short Blades
   182 | D:1      | Gained mutation: You are partially covered in large bone
                  | plates. (SH +4) [demonic ancestry]
   182 | D:1      | Reached XP level 2. HP: 23/23 MP: 5/5
   773 | D:1      | Learned a level 2 spell: Momentum Strike
   792 | D:2      | Gained mutation: You sometimes gain a little power by
                  | taking damage. [demonic ancestry]
   792 | D:2      | Reached XP level 3. HP: 14/25 MP: 6/6
   870 | D:2      | Noticed Jessica
   870 | D:2      | Noticed Sigmund
   896 | D:2      | Killed Jessica
  1117 | D:2      | Gained mutation: Your demonic aura sometimes causes spilled
                  | blood to erupt in flames. [demonic ancestry]
  1117 | D:2      | Reached XP level 4. HP: 25/26 MP: 5/7
  1205 | D:2      | You fall into a shaft and drop 2 floors!
  1295 | D:2      | Reached skill level 1 in Translocations
  1505 | D:2      | Noticed Natasha
  1513 | D:2      | Killed Natasha
  1514 | D:2      | Gained mutation: You are mostly covered in large bone
                  | plates. (SH +6) [demonic ancestry]
  1514 | D:2      | Reached XP level 5. HP: 11/35 MP: 8/8
  1724 | D:2      | Found a radiant altar of Vehumet.
  1825 | D:2      | Killed Sigmund
  1858 | D:2      | Noticed Natasha
  1864 | D:2      | Killed Natasha
  1878 | D:2      | Noticed Natasha
  1880 | D:2      | Killed Natasha
  2267 | D:3      | Found a faded altar of an unknown god.
  2860 | D:3      | Noticed Terence
  2867 | D:3      | Killed Terence
  3676 | D:4      | Reached skill level 4 in Short Blades
  3733 | D:4      | Found Vopo's Serpentskin Sales.
  3734 | D:4      | Noticed a water moccasin
  3746 | D:4      | Killed a water moccasin
  3747 | D:4      | Gained mutation: You sometimes gain power by taking damage.
                  | [demonic ancestry]
  3747 | D:4      | Reached XP level 6. HP: 28/39 MP: 6/9
  3762 | D:4      | Bought a +1 rapier of venom for 141 gold pieces
  4064 | D:4      | Found an ancient bone altar of Kikubaaqudgha.
  4068 | D:4      | Found a sparkling altar of Nemelex Xobeh.
  4426 | D:5      | Entered Level 5 of the Dungeon
  4472 | D:5      | Gained mutation: Your touch may inflict minor irresistible
                  | damage on your foes. [demonic ancestry]
  4472 | D:5      | Reached XP level 7. HP: 49/55 MP: 10/10
  4585 | D:5      | Reached skill level 5 in Short Blades
  4599 | D:5      | Found a hazy altar of Hepliaklqana.
  5008 | D:5      | Found a hide-covered altar of Uskayaw.
  5021 | D:5      | Reached skill level 1 in Stealth
  5185 | D:5      | Found an ornate altar of the Wu Jian Council.
  5328 | D:5      | Became a worshipper of the Wu Jian Council
  5391 | D:6      | Noticed a troll
  5400 | D:6      | Killed a troll
  5401 | D:6      | Reached skill level 5 in Conjurations
  5401 | D:6      | Reached XP level 8. HP: 34/61 MP: 6/11
  5559 | D:6      | Reached skill level 5 in Fighting
  5741 | D:6      | Reached skill level 6 in Short Blades
  6505 | D:7      | Found a staircase to the Ecumenical Temple.
  6785 | D:7      | Reached XP level 9. HP: 59/68 MP: 14/14
  6864 | D:7      | Reached skill level 7 in Short Blades
  6913 | D:7      | Reached * piety under Wu Jian
  7041 | D:7      | Found Agre's Assorted Antiques.
  7093 | D:7      | Found a shimmering blue altar of Sif Muna.
  7164 | D:7      | Got Sif Muna's Folio of Conflagration and the Escort
  7175 | D:7      | Found a bloodstained altar of Trog.
  7234 | D:7      | Noticed Dowan
  7237 | D:7      | Noticed Duvessa
  7250 | D:7      | Killed Duvessa
  7254 | D:7      | Killed Dowan
  7804 | D:8      | Reached skill level 5 in Translocations
  7816 | D:8      | Reached skill level 8 in Short Blades
  8352 | D:8      | Upgraded the game from 0.30-a0-415-g685d318 to
                  | 0.30-a0-421-g7324886
  8794 | D:8      | Noticed a cyclops
  8801 | D:8      | HP: 1/55 [cyclops (17)]
  8803 | D:8      | Killed a cyclops
  8804 | D:8      | Reached skill level 5 in Stealth
  9264 | D:8      | Reached XP level 10. HP: 70/73 MP: 16/16
  9294 | D:8      | Learned a level 2 spell: Blink
  9299 | D:8      | Learned a level 4 spell: Manifold Assault
  9576 | D:9      | Identified a scroll of acquirement
  9619 | D:9      | Reached skill level 9 in Short Blades
 10065 | D:9      | Found a shimmering altar of Xom.
 10202 | D:9      | Noticed a boulder beetle
 10202 | D:9      | Noticed a boulder beetle
 10261 | D:8      | Upgraded the game from 0.30-a0-421-g7324886 to
                  | 0.30-a0-439-g9e77e4d
 10261 | D:8      | Acquired 654 gold pieces
 10525 | D:10     | Entered Level 10 of the Dungeon
 10525 | D:10     | Noticed Erica
 10634 | D:11     | Reached ** piety under Wu Jian
 10693 | D:11     | Found a staircase to the Lair.
 10703 | D:11     | Found a runed translucent gate.
 10703 | D:11     | Found a runed translucent gate.
 10703 | D:11     | Found an opulent altar of Gozag.
 10703 | D:11     | Noticed a cyclops
 10704 | D:11     | Found a runed translucent gate.
 10704 | D:11     | Noticed an orc warlord
 10705 | D:11     | Noticed a wolf spider
 10706 | D:11     | Noticed a cyclops
 10706 | D:11     | Noticed cowcow's ghost (novice FeFi)
 10716 | D:11     | Noticed a green ugly thing
 10718 | D:11     | Killed a green ugly thing
 10744 | D:11     | Noticed a cyclops
 10749 | D:11     | Killed a cyclops
 11111 | D:11     | Reached skill level 10 in Short Blades
 11169 | D:11     | Found a staircase to the Orcish Mines.
 11904 | D:10     | Gained mutation: Your demonic aura often causes spilled
                  | blood to erupt in flames. [demonic ancestry]
 11904 | D:10     | Reached XP level 11. HP: 53/84 MP: 14/17
 12192 | D:10     | Killed Erica
 12283 | D:10     | Found a radiant altar of Vehumet.
 12324 | D:10     | Got the Textbook on Lithic Conjuration
 12348 | D:10     | Noticed a red ugly thing
 12372 | D:10     | Killed a red ugly thing
 12372 | D:10     | Reached *** piety under Wu Jian
 12921 | Lair:1   | Entered Level 1 of the Lair of Beasts
 12929 | Lair:1   | Noticed a death yak
 13184 | Lair:1   | Noticed a death yak
 13185 | Lair:1   | Noticed a death yak
 13185 | Lair:1   | Noticed a death yak
 13192 | Lair:1   | Noticed a death yak
 13195 | Lair:1   | Noticed a death yak
 13213 | Lair:1   | Found a gate leading to a gauntlet.
 13222 | Gauntlet | Entered a Gauntlet
 13222 | Gauntlet | Noticed a necromancer
 13222 | Gauntlet | Noticed a wretched star
 13222 | Gauntlet | Found a transporter.
 13222 | Gauntlet | Found a transporter.
 13222 | Gauntlet | Found a transporter.
 13222 | Gauntlet | Found a transporter.
 13302 | Gauntlet | Found a transporter.
 13304 | Gauntlet | Noticed a wolf spider
 13312 | Gauntlet | Found a transporter.
 13315 | Gauntlet | Found a transporter.
 13328 | Gauntlet | Found a transporter.
 13332 | Gauntlet | Noticed a soul eater
 13336 | Gauntlet | Found a transporter.
 13354 | Gauntlet | Found a transporter.
 13361 | Gauntlet | Noticed a soul eater
 13362 | Gauntlet | Found a transporter.
 13380 | Gauntlet | Found a transporter.
 13558 | Gauntlet | HP: 4/85 [small abomination (19)]
 13811 | Gauntlet | Noticed a minotaur
 13820 | Gauntlet | Killed a minotaur
 14212 | D:9      | Killed a boulder beetle
 14431 | D:9      | Killed a boulder beetle
 14606 | Orc:1    | Entered Level 1 of the Orcish Mines
 14708 | Orc:1    | Found Qijur's Book Shoppe.
 14713 | Orc:1    | Noticed a two-headed ogre
 14716 | Orc:1    | Killed a two-headed ogre
 14825 | Orc:2    | Entered Level 2 of the Orcish Mines
 14858 | Orc:2    | Noticed an orc sorcerer
 14867 | Orc:2    | Killed an orc sorcerer
 14868 | Orc:2    | Reached skill level 11 in Short Blades
 14871 | Orc:2    | Found a staircase to the Elven Halls.
 14949 | Orc:2    | Found a dark tunnel.
 14955 | Volcano  | Entered a volcano
 15010 | Volcano  | Reached XP level 12. HP: 56/94 MP: 18/18
 15130 | Volcano  | Found a radiant altar of Vehumet.
 16114 | Orc:2    | Upgraded the game from 0.30-a0-439-g9e77e4d to
                  | 0.30-a0-445-g92f4fb2
 16258 | Orc:2    | Noticed an orc high priest
 16278 | Orc:2    | Reached **** piety under Wu Jian
 16278 | Orc:2    | Killed an orc high priest
 16477 | Orc:2    | Noticed a two-headed ogre
 16477 | Orc:2    | Noticed a two-headed ogre
 16571 | Orc:2    | Noticed a two-headed ogre
 16594 | Orc:2    | Killed a two-headed ogre
 16820 | Orc:2    | Killed a two-headed ogre
 16833 | Orc:2    | Noticed a two-headed ogre
 16840 | Orc:2    | Killed a two-headed ogre
 17144 | Orc:2    | Found Fuaph's Magic Scroll Boutique.
 17145 | Orc:2    | Found Degokk's Antique Armour Boutique.
 17145 | Orc:2    | Noticed a two-headed ogre
 17153 | Orc:2    | Noticed an ogre mage
 17154 | Orc:2    | Killed a two-headed ogre
 17155 | Orc:2    | Reached skill level 10 in Fighting
 17155 | Orc:2    | Reached skill level 5 in Dodging
 17179 | Orc:1    | Reached skill level 10 in Stealth
 17247 | Orc:2    | Reached skill level 12 in Short Blades
 17412 | Orc:2    | Noticed a two-headed ogre
 17420 | Orc:2    | Killed a two-headed ogre
 17421 | Orc:2    | Gained mutation: Your touch may inflict irresistible damage
                  | on your foes. [demonic ancestry]
 17421 | Orc:2    | Reached XP level 13. HP: 99/103 MP: 19/19
 17977 | Orc:2    | Found Vikugiz's Book Emporium.
 17988 | Orc:2    | Found Kokkann's Distillery.
 18017 | Orc:2    | Bought Maxwell's Memoranda for 646 gold pieces
 18021 | Orc:2    | Learned a level 3 spell: Vhi's Electric Charge
 18027 | Orc:2    | Learned a level 5 spell: Arcjolt
 18260 | D:12     | Found a runed translucent gate.
 18261 | D:12     | Found a runed translucent gate.
 18262 | D:12     | Found a runed translucent gate.
 18397 | D:12     | Reached ***** piety under Wu Jian
 18422 | D:12     | Reached skill level 1 in Air Magic
 19306 | D:13     | Reached skill level 1 in Armour
 19368 | D:13     | Found a transporter.
 19387 | D:13     | Found a transporter.
 19793 | D:13     | Found a transporter.
 19815 | D:13     | Found a transporter.
 20639 | Lair:3   | Noticed Fannar
 20646 | Lair:3   | Killed Fannar
 20998 | Lair:3   | Found a staircase to the Snake Pit.
 21403 | Lair:3   | Found a staircase to the Swamp.
 21876 | Lair:4   | Reached XP level 14. HP: 113/113 MP: 20/20
 21953 | Lair:4   | Found a runed translucent door.
 21961 | Lair:4   | Noticed Qilin's ghost (journeyman MiFi)
 22346 | Lair:5   | Entered Level 5 of the Lair of Beasts
 22349 | Lair:5   | Found a frozen archway.
 22355 | IceCv    | Entered an ice cave
 22802 | IceCv    | Reached skill level 5 in Air Magic
 23003 | IceCv    | Reached ****** piety under Wu Jian
 23009 | IceCv    | Noticed a reaper
 23066 | IceCv    | Killed a reaper
 23236 | Lair:5   | Upgraded the game from 0.30-a0-445-g92f4fb2 to
                  | 0.30-a0-458-g86641cc
 23332 | Lair:5   | Found a staircase to the Slime Pits.
 23339 | Lair:5   | Found a viscous altar of Jiyva.
 24312 | Lair:5   | Noticed Sonja
 24316 | Lair:5   | Killed Sonja
 24317 | Lair:5   | Reached skill level 13 in Short Blades
 24393 | Lair:5   | HP: 4/114 [seven-headed hydra (8)]
 24680 | Lair:5   | Reached skill level 1 in Evocations
 24773 | Lair:5   | Gained mutation: Your spells are a little harder to cast,
                  | but a little more powerful. [potion of mutation]
 24773 | Lair:5   | Gained mutation: You passively map a small area around you.
                  | [potion of mutation]
 24775 | Lair:5   | Lost mutation: Your spells are a little harder to cast, but
                  | a little more powerful. [potion of mutation]
 24775 | Lair:5   | Lost mutation: You passively map a small area around you.
                  | [potion of mutation]
 24775 | Lair:5   | Gained mutation: You have very sharp teeth. [potion of
                  | mutation]
 24776 | Lair:5   | Lost mutation: You have very sharp teeth. [potion of
                  | mutation]
 24776 | Lair:5   | Gained mutation: You have very sharp teeth. [potion of
                  | mutation]
 24776 | Lair:5   | Gained mutation: You have a pair of small horns on your
                  | head. [potion of mutation]
 24776 | Lair:5   | Gained mutation: You are resistant to electric shocks.
                  | (rElec) [potion of mutation]
 24776 | Lair:5   | Gained mutation: You are agile. (Dex +4, Str/Int -1)
                  | [potion of mutation]
 25188 | Orc:1    | Bought the Grimoire of the Union for 588 gold pieces
 25193 | Orc:1    | Learned a level 4 spell: Summon Lightning Spire
 25219 | Elf:1    | Entered Level 1 of the Elven Halls
 25845 | D:14     | Reached skill level 1 in Summonings
 25917 | D:14     | Noticed Rupert
 26092 | D:14     | Reached skill level 5 in Armour
 26276 | D:14     | Gained mutation: Your touch may irresistibly damage your
                  | foes and sap their willpower. [demonic ancestry]
 26276 | D:14     | Reached XP level 15. HP: 120/120 MP: 19/21
 26327 | D:15     | Entered Level 15 of the Dungeon
 26402 | D:15     | Found Ehor's Antique Weapon Emporium.
 27114 | D:15     | Found a staircase to the Depths.
 27492 | D:4      | Bought a ring of poison resistance for 240 gold pieces
 27747 | Snake:1  | Entered Level 1 of the Snake Pit
 27769 | Snake:1  | Noticed Aizul
 27837 | Swamp:1  | Entered Level 1 of the Swamp
 28378 | Swamp:1  | Found a runed translucent gate.
 28388 | Swamp:1  | Found a runed translucent gate.
 28389 | Swamp:1  | Found a runed translucent gate.
 28451 | Swamp:1  | Noticed Bebom's ghost (adept KoBe)
 28451 | Swamp:1  | Noticed blackthorn's ghost (journeyman HOEE)
 28653 | Swamp:1  | Noticed Qighoun's ghost (journeyman AtFi)
 29524 | Swamp:3  | HP: 1/120 [goliath frog (8)]
 29524 | Swamp:3  | Splashed by a goliath frog's acid

Illustrated notes

Levels and vault maps discovered:
D:1:      spicycebolla_arrival_transporter_tutorial, layout_loops_ring
D:2:      layout_basic, basic_altar, uniq_natasha, uniq_jessica, uniq_sigmund
D:3:      kennysheep_six_static_rooms, layout_loops_corners,
          nicolae_ecumenical_pavilion, roderic_roman_lattice,
          nicolae_concentric_dashed_squares_wild, minmay_box_of_dots,
          uniq_terence
D:4:      layout_rooms, minitemple, guppyfry_shop_venom
D:5:      nicolae_BIG_FREAKIN_CUBE, layout_rooms, old_standard_altar,
          nicolae_hepliaklqana_hazy_memory, nzn_wu_jian_council_hall
D:6:      layout_gridville
D:7:      layout_cave_pods, nzn_overflow_gifts_of_might_and_magic,
          kennysheep_mini, minmay_temple_entry_waves,
          lightli_ossuary_entry_decrepit_ruins, serial_shops, shop,
          grunt_ministairs_3, uniq_duvessa
D:8:      layout_gridville
D:9:      layout_roguey [special_room_orc], lemuel_round_altar, minivault_25_ag,
          hellmonk_bongcloud_opening
D:10:     layout_long_grid, vehumet_statue, minmay_nine_imps, uniq_erica
D:11:     layout_long_grid, lair_entry_dummy, david_orc_3, ebering_ghost_gozag
D:12:     layout_gridville, ploomutoo_gammafunk_ghost_potion_laboratory
D:13:     layout_gridville, nicolae_diode_intersection
D:14:     layout_rooms, david_vaults_1, nicolae_kikubaaqudgha_miasma_corner,
          uniq_rupert
D:15:     gammafunk_enter_depths_forms, layout_cave_pools, serial_shops,
          nicolae_shop_stone
Lair:1:   layout_chaotic_city, gauntlet_entry_generic,
          grunt_forest_stairs_basic, lemuel_centaur_altar, lemuel_fruit_fields,
          serial_bayou_shore_b
Lair:2:   layout_roguey
Lair:3:   layout_cellular_growth, minmay_swamp_entry_wisps,
          minmay_snake_entry_six_corridors, chequers_serial_rivers_micro_b,
          uniq_fannar
Lair:4:   layout_misc_corridors, ebering_ghost_reflecting_pool,
          lemuel_fruit_fields
Lair:5:   hangedman_lair_tendril_chambers, layout_big_grid,
          dpeg_slime_entry_corner, portal_ice_cave_rime,
          hangedman_lair_generics_rect, uniq_sonja
Swamp:1:  layout_falls_marsh, gammafunk_ghost_cemetery, serial_swamp_ruin,
          evilmike_swamp_ruin_house_2, evilmike_swamp_ruin_house_4,
          evilmike_swamp_ruin_rubble_1
Swamp:2:  layout_basic_swamp, nicolae_swamp_dense_foliage
Swamp:3:  layout_basic_swamp, evilmike_swamp_ruin_house_5,
          infiniplex_staircase_pool_2
Snake:1:  layout_onion_interference, basic_altar, hellmonk_scale_shop,
          uniq_aizul, uniq_frances
Orc:1:    layout_diamond_mine, serial_shops, shop_coins
Orc:2:    st_orc_open, layout_diamond_mine, lightli_volcano_entry_magma_tube,
          david_defended_altar_orc
Elf:1:    layout_gridlike, minmay_elf_sorcery, lemuel_upstairs_altar,
          minmay_shoptagon

Skill      XL: |  1  2  3  4  5  6  7  8  9 10 11 12 13 14 15 |
---------------+----------------------------------------------+-----
Short Blades   | 3 4 5 6 8 10 11 12 13 | 13.7
Fighting       | 3 4 5 7 8 10 11 12 | 12.0
Translocations | 1 2 3 4 5 6 8 9 |  9.0
Conjurations   | 4 5 |  5.7
Stealth        | 1 3 5 6 8 10 11 12 | 12.4
Spellcasting   | 3 4 |  4.0
Dodging        | 2 5 6 7 |  7.0
Air Magic      | 4 7 9 |  9.2
Armour         | 2 5 |  5.2
Evocations     | 2 4 |  4.8
Summonings     | 1 4 |  4.5

Action                   |  1- 3 |  4- 6 |  7- 9 | 10-12 | 13-15 || total
-------------------------+-------+-------+-------+-------+-------++-------
Melee: Short sword       |   127 |   216 |       |    12 |   372 ||   727
       Punch             |     2 |     2 |     5 |     6 |    18 ||    33
       Rapier            |       |    66 |   264 |   388 |   874 ||  1592
       Touch             |       |       |    52 |   140 |   280 ||   472
       Dagger            |       |       |       |   267 |       ||   267
       Long sword        |       |       |       |     3 |       ||     3
       Headbutt          |       |       |       |       |   140 ||   140
       Bite              |       |       |       |       |    67 ||    67
 Cast: Kiss of Death     |     3 |     3 |     3 |     2 |     1 ||    12
       Momentum Strike   |       |    27 |    29 |    33 |    22 ||   111
       Manifold Assault  |       |       |       |    16 |     3 ||    19
       Blink             |       |       |       |     2 |       ||     2
       Vhi's Electric Ch |       |       |       |       |     1 ||     1
       Summon Lightning  |       |       |       |       |     4 ||     4
       Arcjolt           |       |       |       |       |     2 ||     2
Invok: Lunge             |       |       |    11 |    40 |    81 ||   132
       Whirlwind         |       |       |       |    24 |    48 ||    72
       Serpent's Lash    |       |       |       |     2 |     1 ||     3
 Abil: Wall Jump         |       |       |       |       |     1 ||     1
Evoke: Wand              |       |     1 |     1 |    35 |    25 ||    62
       Piece from Xom's  |       |       |       |     6 |     2 ||     8
  Use: Scroll            |     3 |     8 |     7 |    10 |    18 ||    46
       Potion            |     1 |       |       |     6 |     9 ||    16
 Stab: Sleeping          |       |     1 |     2 |    19 |    54 ||    76
       Invisible         |       |       |       |     2 |       ||     2
       Distracted        |       |       |       |     2 |     5 ||     7
       Paralysed         |       |       |       |     1 |       ||     1
       Confused          |       |       |       |       |     1 ||     1
Armor: Leather armour    |    40 |    75 |    63 |    81 |       ||   259
       Fire dragon scale |       |       |       |    58 |     5 ||    63
       Skin              |       |       |       |    13 |       ||    13
       Troll leather arm |       |       |       |       |   123 ||   123
       Swamp dragon scal |       |       |       |       |     6 ||     6
Dodge: Dodged            |    71 |   136 |   111 |   222 |   446 ||   986
Block: Other             |    19 |    82 |    52 |    96 |   149 ||   398
       Buckler           |       |       |       |       |    19 ||    19

Table legend: (Time is in decaauts)
 A = Elapsed time spent in this place.
 B = Non-inter-level travel time spent in this place.
 C = Inter-level travel time spent in this place.
 D = Time resting spent in this place.
 E = Time spent auto-exploring this place.
 F = Levels seen in this place.
 G = Mean time per level.
                   A        B        C        D        E       F      G
               +--------+--------+--------+--------+--------+-----+--------+
         Total |  28970 |  26789 |   2181 |   6194 |  14658 |  30 |  965.7 |
       Dungeon |  17091 |  15562 |   1529 |   2905 |   9776 |  15 | 1139.4 |
          Lair |   4927 |   4449 |    478 |    554 |   2767 |   5 |  985.4 |
         Swamp |   1804 |   1744 |     60 |    249 |    946 |   3 |  601.3 |
     Snake Pit |     21 |     21 |      0 |      0 |      0 |   1 |   21.0 |
  Orcish Mines |   2977 |   2866 |    111 |   1221 |    952 |   2 | 1488.5 |
   Elven Halls |    198 |    198 |      0 |    183 |      0 |   1 |  198.0 |
      Ice Cave |    716 |    716 |      0 |    375 |      9 |   1 |  716.0 |
       Volcano |    515 |    515 |      0 |    276 |     54 |   1 |  515.0 |
      Gauntlet |    717 |    717 |      0 |    430 |    152 |   1 |  717.0 |
               +--------+--------+--------+--------+--------+-----+--------+

Top non-repeatable levels by time:
  Lair:5: 1820 daAuts
   Orc:2: 1807 daAuts
     D:8: 1741 daAuts
    D:11: 1605 daAuts
     D:9: 1562 daAuts
     D:7: 1435 daAuts
     D:3: 1335 daAuts
     D:2: 1286 daAuts
   Orc:1: 1169 daAuts
    D:10: 1081 daAuts
  Lair:3: 1066 daAuts
    D:12: 1015 daAuts
    D:13: 990 daAuts
     D:6: 964 daAuts
     D:5: 950 daAuts
